 Dungeon Crawl Stone Soup version 0.28-a0-119-ga52ba8600a (webtiles) character file.

Game seed: 3170540348356579019

329 TomasB23 the Skirmisher (level 6, -1/56 HPs)
             Began as a Hill Orc Fighter on Aug 13, 2021.
             Slain by an ogre (21 damage)
             ... on level 4 of the Dungeon.
             The game lasted 00:08:45 (3473 turns).

TomasB23 the Skirmisher (Hill Orc Fighter)          Turns: 3473, Time: 00:08:45

Health: -1/56      AC:  5    Str: 21    XL:     6   Next: 51%
Magic:  6/6        EV:  7    Int:  8    God:
Gold:   25         SH:  9    Dex: 10    Spells: 5/5 levels left

rFire   . . .      SeeInvis .   a - +1 trident
rCold   . . .      Faith    .   c - +0 kite shield
rNeg    . . .      Spirit   .   b - +1 scale mail
rPois   +          Reflect  .   (no helmet)
rElec   .          Harm     .   (no cloak)
rCorr   .          Rampage  .   (no gloves)
Will    .....                   (no boots)
Stlth   ..........              (no amulet)
HPRegen 0.18/turn               j - ring of poison resistance
MPRegen 0.10/turn               (no ring)

@: no status effects
A: deformed body, subdued magic 1
a: no special abilities


You were on level 4 of the Dungeon.
You visited 1 branch of the dungeon, and saw 4 of its levels.

You collected 67 gold pieces.
You spent 42 gold pieces at shops.

Inventory:

Hand Weapons
 a - a +1 trident (weapon)
Armour
 b - a +1 scale mail (worn)
 c - a +0 kite shield (worn)
Jewellery
 j - a ring of poison resistance (left hand)
Scrolls
 f - a scroll of vulnerability
 g - a scroll of blinking
 h - a scroll of identify
 l - a scroll of summoning {unknown}
 m - a scroll of amnesia
 n - a scroll of magic mapping
Potions
 d - a potion of might
 e - a potion of flight
 i - a potion of degeneration {unknown}
 k - a potion of heal wounds {unknown}


   Skills:
 * Level 5.1 Fighting
 + Level 4.9 Polearms
 + Level 4.7 Armour
 - Level 0.1 Dodging
 + Level 4.0 Shields


You had 5 spell levels left.
You didn't know any spells.
Your spell library contained the following spells:

 Spells                   Type           Power      Damage    Failure   Level
 Gell's Gravitas          Tloc           0%         N/A       100%        3
 Teleport Other           Tloc           0%         N/A       100%        3
 Dispersal                Tloc           0%         N/A       100%        6


Dungeon Overview and Level Annotations

Branches:
Dungeon (4/15)
 Temple: D:4-7

Altars:
Elyvilon
Kikubaaqudgha
Yredelemnul

Shops:
D:3 ?

Annotations:
D:3 2 transporters, ma3's ghost, weakling FeWr


Innate Abilities, Weirdness & Mutations

Armour fits poorly on your strangely shaped body.
Your spells are a little easier to cast, but a little less powerful.


Message History

No target in view!
No target in view!
No target in view!
No target in view!
No target in view!
No target in view!
No target in view!
No target in view!
No target in view!
No target in view!
You open the door.
An ogre comes into view. It is wielding a +0 giant club.
The ogre shouts!
There is an open door here.
There is an open door here.
You barely miss the ogre. The ogre hits you with a +0 giant club!
You puncture the ogre!
The ogre is moderately wounded.
The ogre hits you with a +0 giant club!!
You are too injured to fight recklessly!
You are too injured to fight recklessly!
You are too injured to fight recklessly!
You are too injured to fight recklessly!
You are too injured to fight recklessly!
You are too injured to fight recklessly!
You are too injured to fight recklessly!
You are too injured to fight recklessly!
You are too injured to fight recklessly!
You are too injured to fight recklessly!
You are too injured to fight recklessly!
You are too injured to fight recklessly!
You are too injured to fight recklessly!
You are too injured to fight recklessly!
You are too injured to fight recklessly!
You are too injured to fight recklessly!
You are too injured to fight recklessly!
You puncture the ogre!
The ogre is almost dead.
The ogre hits you with a +0 giant club!!
You die...

......#O......... #######....
..... #..†.......# #.... ....
#..........# #....
+####+#..........# #....
........#+##.....#..#######.>..
........#..#.....#..##....#....
........'..#.....#...#....#....
........#..#.....#...#....#....
........#..'.O@..#..##....#....
........####.....#..##....#....
#####+###.....#+##..##....#....
#)....#...........#....
#.....#.....##....#....
#.......###'##....#....
#######......#....#####
#......#.....# #......#.....#


You could see an ogre.

Vanquished Creatures
  An ogre (D:4)
  A scorpion (D:4)
  A bullfrog zombie (D:4)
  2 scorpion zombies (D:4)
  3 adders (D:4)
  An adder skeleton (D:4)
  An adder zombie (D:4)
  2 worms
  3 dart slugs
  A bat (D:3)
  2 endoplasms
  2 giant cockroaches
  8 goblins
  7 hobgoblins
  6 jackals
  A quokka (D:1)
  4 ball pythons
  2 frilled lizards (D:1)
  5 kobolds
  9 rats
  A spectral kobold (D:1)
63 creatures vanquished.

Notes
Turn   | Place    | Note
-------+----------+-------------------------------------------
     0 | D:1      | TomasB23 the Hill Orc Fighter began the quest for the Orb.
     0 | D:1      | Reached XP level 1. HP: 19/19 MP: 1/1
   178 | D:1      | Reached XP level 2. HP: 27/27 MP: 2/2
   677 | D:1      | Reached skill level 4 in Fighting
   776 | D:1      | Reached XP level 3. HP: 33/33 MP: 3/3
   778 | D:1      | Found a faded altar of an unknown god.
  1392 | D:2      | Found an ancient bone altar of Kikubaaqudgha.
  1676 | D:3      | Found a transporter.
  1806 | D:3      | Found Mamn's Magic Scroll Shop.
  1839 | D:3      | Noticed ma3's ghost (weakling FeWr)
  1840 | D:3      | Identified the +2 great mace of Unpleasantness {speed,
                  | rElec Str+5 Dex-3 Stlth+}
  1840 | D:3      | Noticed an ogre
  1847 | D:3      | Found a transporter.
  1965 | D:3      | Gained mutation: Your spells are a little easier to cast,
                  | but a little less powerful. [potion of mutation]
  1965 | D:3      | Gained mutation: Armour fits poorly on your strangely
                  | shaped body. [potion of mutation]
  1991 | D:3      | Found a white marble altar of Elyvilon.
  2194 | D:3      | Reached XP level 4. HP: 17/40 MP: 4/4
  2628 | D:3      | Bought a scroll of magic mapping for 42 gold pieces
  2705 | D:4      | Noticed an ogre
  2710 | D:4      | Killed an ogre
  2711 | D:4      | Reached XP level 5. HP: 47/47 MP: 5/5
  2984 | D:4      | Found a basalt altar of Yredelemnul.
  3005 | D:4      | Reached XP level 6. HP: 32/55 MP: 6/6
  3137 | D:4      | Reached skill level 5 in Fighting
  3473 | D:4      | Slain by an ogre

Illustrated notes

Levels and vault maps discovered:
D:1:      pf_arrival_petrified_forest, layout_basic,
          dreamdust_ecumenical_altar_drowned_temple
D:2:      layout_basic, basic_altar
D:3:      layout_loops_ring, nicolae_elyvilon_temple_path, serial_shops,
          nicolae_shop_temple_entry_statues_fountains, gammafunk_ghost_smash,
          amcnicky_mini_corridor_feature
D:4:      layout_gridville, marbit_many_paths, nicolae_yredelemnul_corpse_copse,
          uniq_sigmund

Skill      XL: |  1  2  3  4  5  6 |
---------------+-------------------+-----
Fighting       | 4 5 |  5.1
Polearms       | 3 4 |  4.9
Armour         | 4 |  4.7
Shields        | 4 |  4.0
Dodging        | |  0.1

Action                   |  1- 3 |  4- 6 || total
-------------------------+-------+-------++-------
Melee: Trident           |   136 |   100 ||   236
  Use: Scroll            |     5 |     3 ||     8
       Potion            |     4 |       ||     4
Armor: Scale mail        |    42 |    28 ||    70
Dodge: Dodged            |    32 |    24 ||    56
Block: Kite shield       |    53 |    42 ||    95

Table legend: (Time is in decaauts)
 A = Elapsed time spent in this place.
 B = Non-inter-level travel time spent in this place.
 C = Inter-level travel time spent in this place.
 D = Time resting spent in this place.
 E = Time spent auto-exploring this place.
 F = Levels seen in this place.
 G = Mean time per level.
                   A        B        C        D        E       F      G
               +--------+--------+--------+--------+--------+-----+--------+
         Total |   3575 |   3552 |     23 |    223 |   2664 |   4 |  893.8 |
       Dungeon |   3575 |   3552 |     23 |    223 |   2664 |   4 |  893.8 |
               +--------+--------+--------+--------+--------+-----+--------+

Top non-repeatable levels by time:
     D:3: 1009 daAuts
     D:4: 857 daAuts
     D:1: 855 daAuts
     D:2: 852 daAuts
